 Dungeon Crawl Stone Soup version 0.18.1-8-gdd0e5ea (webtiles) character file.

267 georgeearnest the Insei (level 6, -7/53 HPs)
             Began as a Draconian Monk on May 24, 2016.
             Was a Priest of the Shining One.
             Mangled by Menkaure (18 damage)
             ... on level 4 of the Dungeon.
             The game lasted 00:05:55 (3568 turns).

georgeearnest the Insei (Draconian Monk)            Turns: 3568, Time: 00:05:55

Health: -7/53      AC:  6    Str: 12 (13) XL:     6   Next: 0%
Magic:  0/6        EV: 20    Int:  8 (10) God:    the Shining One [***...]
Gold:   169        SH:  0    Dex: 18 (21) Spells: 0 memorised, 5 levels left

rFire  . . .     SeeInvis .       - Unarmed
rCold  . . .     Gourm    .     (armour unavailable)
rNeg   + . .     Faith    .     (no shield)
rPois  .         Spirit   +     (helmet restricted)
rElec  .         Dismiss  .     (no cloak)
rCorr  .         Reflect  .     (no gloves)
SustAt .         Harm     .     (no boots)
MR     .....                    e - amulet of guardian spirit
Stlth  ++........               (no ring)
                                (no ring)

@: agile, flying, very slightly contaminated, hasted, glowing, very quick, not
resistant to hostile enchantments, unstealthy
A: unfitting armour, cold-blooded, AC +6
a: Divine Shield, Renounce Religion


You were on level 4 of the Dungeon.
You worshipped the Shining One.
The Shining One was most pleased with you.
You were not hungry.

You visited 1 branch of the dungeon, and saw 4 of its levels.

You collected 169 gold pieces.

Inventory:

Jewellery
 e - an amulet of guardian spirit (around neck)
Wands
 i - a wand of confusion (5/48)
Scrolls
 a - 3 scrolls of remove curse {unknown}
 b - a scroll of noise {unknown}
 c - a scroll of teleportation {unknown}
 f - 2 scrolls of fog {unknown}
 g - a scroll of fear {unknown}
Potions
 d - 2 potions of cure mutation
 m - 2 potions of flight
Miscellaneous
 n - a plain deck of changes
Comestibles
 j - a royal jelly
 o - a meat ration


   Skills:
 + Level 4.4 Fighting
 + Level 4.4 Dodging
 + Level 2.2 Stealth
 + Level 5.2 Unarmed Combat


You had 5 spell levels left.
You didn't know any spells.

Dungeon Overview and Level Annotations

Branches:
Dungeon (4/15)
 Temple: D:4-7

Altars:
Nemelex Xobeh
Ru
Yredelemnul
The Shining One

Annotations:
D:4 Menkaure


Innate Abilities, Weirdness & Mutations

Your plain brown scales are hard (AC +6).
Your body does not fit into most forms of armour.
You are cold-blooded and may be slowed by cold attacks.


Message History

You hit Menkaure.
Menkaure is heavily damaged.
Menkaure misses you.
Drink which item? (? for menu, Esc to quit)
It was a potion of flight.
You feel very buoyant.
You fly up into the air.
Menkaure barely misses you.
Drink which item? (? for menu, Esc to quit)
It was a potion of agility.
You feel agile all of a sudden. Menkaure barely misses you.
You hit Menkaure.
Menkaure is severely damaged.
Menkaure calls on the powers of darkness!
Your body is wracked with pain!
* * * LOW HITPOINT WARNING * * *
You hit Menkaure.
Menkaure is almost destroyed.
Menkaure hits you!!
You die...

..# ##............##
..## #..............#.
#..# ##..........#.....
##.#####...........#...#
#....................#
##............!.....##
##.....####...##......#
......##
#...###M.....##. ..##..#
#..###.@.......# ###
#..##...##...%....... #
......###...........
...... #............
....<# ##.....#..##. #
..#.. #.......#.... #
#......#..... ...
........##.#.. ....
.........# .#..


You could see Menkaure.

Vanquished Creatures
  2 orc wizards (D:3)
  A worker ant (D:3)
  9 adders
  2 oozes (D:3)
  3 worms (D:2)
  2 dart slugs
  2 giant geckos
  4 orcs (D:3)
  3 giant cockroaches
  14 goblins
  7 hobgoblins
  4 jackals
  2 quokkas
  2 ball pythons
  10 bats
  2 giant newts
  7 kobolds
  10 rats
  A spectral orc (D:2)
87 creatures vanquished.

Notes
Turn   | Place    | Note
--------------------------------------------------------------
     0 | D:1      | georgeearnest the Draconian Monk began the quest for the Orb.
     0 | D:1      | Reached XP level 1. HP: 19/19 MP: 1/1
   116 | D:1      | Reached XP level 2. HP: 26/26 MP: 0/2
   930 | D:2      | Reached XP level 3. HP: 8/31 MP: 1/3
  1391 | D:2      | Found a faded altar to an unknown god.
  1406 | D:2      | Became a worshipper of the Shining One
  1406 | D:2      | Reached * piety under the Shining One
  1406 | D:2      | Reached ** piety under the Shining One
  1591 | D:2      | Reached XP level 4. HP: 34/38 MP: 4/4
  1719 | D:2      | Found a basalt altar of Yredelemnul.
  1823 | D:2      | Found a sacrificial altar of Ru.
  2408 | D:3      | Reached *** piety under the Shining One
  2440 | D:3      | Reached XP level 5. HP: 42/46 MP: 5/5
  2780 | D:3      | Reached skill level 5 in Unarmed Combat
  3129 | D:3      | Found a sparkling altar of Nemelex Xobeh.
  3487 | D:4      | Reached XP level 6. HP: 51/53 MP: 6/6
  3538 | D:4      | Noticed Menkaure
  3568 | D:4      | Mangled by Menkaure

Skill      XL: |  1  2  3  4  5 |
---------------+----------------+-----
Dodging        | 3 4 |  4.4
Stealth        | 2 |  2.2
Fighting       | 4 |  4.4
Unarmed Combat | 5 |  5.2

Action                   |  1- 3 |  4- 6 || total
-------------------------+-------+-------++-------
Melee: Unarmed           |   135 |   119 ||   254
       Tailslap          |     7 |    18 ||    25
       Punch             |     3 |     3 ||     6
  Use: Potion            |       |     6 ||     6
  Eat: Bread ration      |     1 |       ||     1
       Meat ration       |       |     1 ||     1
Armor: Skin              |    73 |    32 ||   105
Dodge: Dodged            |   164 |    77 ||   241
